 Dungeon Crawl Stone Soup version 0.17.1-3-g152610e (webtiles) character file.

231 Shotgun the Skirmisher (level 5, -3/47 HPs)
             Began as a Draconian Transmuter on Apr 20, 2016.
             Killed from afar by an orc wizard (5 damage)
             ... with a puff of frost
             ... on level 3 of the Dungeon.
             The game lasted 00:07:34 (3306 turns).

Shotgun the Skirmisher (Draconian Transmuter)       Turns: 3306, Time: 00:07:34

Health: -3/47      AC:  7    Str: 13    XL:     5   Next: 73%
Magic:  8/8        EV: 13    Int: 14    God:
Gold:   122        SH:  0    Dex: 11    Spells: 1 memorised, 7 levels left

rFire  . . .     SeeInvis .     t - +1 spear (freeze)
rCold  . . .     Clarity  .     (armour unavailable)
rNeg   . . .     SustAt   .     (no shield)
rPois  .         Gourm    .     (helmet restricted)
rElec  .         Spirit   .     e - +0 cloak
rCorr  .         Warding  .     h - +0 pair of gloves
rMut   .         Stasis   .     (no boots)
MR     .....                    (no amulet)
Stlth  +.........               (no ring)
                                (no ring)

@: lethally poisoned (-3 -> -25), very slightly contaminated, invisible, not
resistant to hostile enchantments, very unstealthy
A: unfitting armour, cold-blooded, AC +5
a: no special abilities


You were on level 3 of the Dungeon.
You were not hungry.

You visited 1 branch of the dungeon, and saw 4 of its levels.

You collected 122 gold pieces.

Inventory:

Hand Weapons
 m - a +0 spear
 r - a +0 blowgun
 t - a +1 spear of freezing (weapon)
Missiles
 a - 73 arrows
 s - 34 poisoned needles
Armour
 e - a +0 cloak (worn)
 h - a +0 pair of gloves (worn)
Scrolls
 d - a scroll of immolation
 j - 2 scrolls of identify
 k - 2 scrolls of remove curse {unknown}
 l - a scroll of enchant weapon {unknown}
 n - a scroll of teleportation {unknown}
 o - a scroll of fog {unknown}
Potions
 g - a potion of invisibility
 i - a potion of ambrosia {unknown}
 p - a potion of poison {unknown}
 q - a potion of mutation {unknown}
Books
 b - a book of Changes

   Spells                             Type                      Level
   a - Beastly Appendage              Transmutation                1
   b - Sticks to Snakes               Transmutation                2
   c - Spider Form                    Transmutation/Poison         3
   d - Ice Form                       Ice/Transmutation            4
   e - Blade Hands                    Transmutation                5
Comestibles
 c - a bread ration
 f - 2 meat rations


   Skills:
 + Level 4.4 Fighting
 + Level 0.2 Polearms
 + Level 4.0 Dodging
 - Level 3.0 Unarmed Combat
 - Level 2.0 Spellcasting
 + Level 2.0 Transmutations


You had 7 spell levels left.
You knew the following spells:

 Your Spells              Type           Power        Failure   Level  Hunger
a - Beastly Appendage     Trmt           #.....       12%         1    ##.....


Dungeon Overview and Level Annotations

Branches:
Dungeon (4/15)
 Temple: D:4-7

Altars:
Zin


Innate Abilities, Weirdness & Mutations

Your plain brown scales are hard (AC +5).
Your body does not fit into most forms of armour.
You are cold-blooded and may be slowed by cold attacks.


Message History

The bat barely misses you.
You swing at nothing.
* * * LOW HITPOINT WARNING * * *
You feel sick. The bat completely misses you. Something barely misses you.
The bat hits you but does no damage. Something barely misses you.
You swing at nothing.
* * * LOW HITPOINT WARNING * * *
You feel sick. The bat barely misses you. The bat misses you.
Something hits you.
* * * LOW HITPOINT WARNING * * *
You are more poisoned.
You closely miss the orc wizard. You tail-slap the orc wizard.
The orc wizard is heavily wounded.
* * * LOW HITPOINT WARNING * * *
You feel very sick. The bat hits you but does no damage.
Something hits you but does no damage. The bat hits you but does no damage.
The orc wizard gestures at you while chanting.
The puff of frost hits you!
You die...

#.......# #.#####.### #.#
#...# # #'# ###.# # ## ####
### #.# # ##8###8## #.#
#.##### # ##8...8..s8##.#
#.....# #
####........b##.#######.######
#.#_........o@#...............
#.##.......o{##...............
#.##8...8...8##....#..#.######
#.# 8###8## ####.#..#.# # #.#
######.......#.### #.#
#.#.###.#......# #.#
#.#.#......#.#.# #.#
#.#.#.##.#.#.#.#### #)#
#.#.#....#.#.#....#


You could see an orc wizard, an orc, a giant cockroach (wandering) and a bat.

Vanquished Creatures
  The ghost of Shotgun the Skirmisher, an amateur DrTm (D:3)
  9 adders
  An ooze (D:1)
  An adder skeleton (D:4)
  A worm (D:3)
  2 giant geckos (D:2)
  4 hobgoblins
  7 jackals
  4 kobolds
  A quokka (D:2)
  7 bats
  2 giant cockroaches (D:3)
  8 giant newts
  8 goblins
  3 rats
59 creatures vanquished.

Notes
Turn   | Place    | Note
--------------------------------------------------------------
     0 | D:1      | Shotgun the Draconian Transmuter began the quest for the Orb.
     0 | D:1      | Reached XP level 1. HP: 16/16 MP: 3/3
   114 | D:1      | Reached XP level 2. HP: 14/24 MP: 5/5
   925 | D:2      | Reached XP level 3. HP: 26/30 MP: 6/6
  1796 | D:2      | Reached XP level 4. HP: 34/38 MP: 7/7
  2245 | D:3      | Found a faded altar to an unknown god.
  2306 | D:3      | Noticed Shotgun's ghost (amateur DrTm)
  2391 | D:3      | Killed Shotgun's ghost
  2391 | D:3      | Reached skill level 4 in Fighting
  2391 | D:3      | Reached XP level 5. HP: 5/47 MP: 8/8
  3037 | D:3      | Found a glowing silver altar of Zin.
  3306 | D:3      | HP: 2/47 [poisoned by an orc wizard]
  3306 | D:3      | Killed from afar by an orc wizard

Action                   |  1- 3 |  4- 6 || total
-------------------------+-------+-------++-------
Melee: Unarmed           |   170 |       ||   170
       Spear             |     6 |   213 ||   219
  Use: Scroll            |       |     3 ||     3
       Potion            |       |     1 ||     1
  Eat: Bread ration      |     1 |       ||     1
       Meat ration       |       |     1 ||     1
